General information
- name: BNet
- type: Ladder team game (AT/RT)
- host: Battle.net
- saver: iggyiggyiggy
map: Highperch
- players: 6
- length: 86:56
- speed: Fast
- version: 1.21 W3XP
- replay type:

» download(376 KB)
Players
team 1 (winner)
HIGHPERCH (
blue | 89 APM | 2028 actions | 22:53)
4 Archmage
2 Blizzard
2 Brilliance Aura
» actions
| Assign group hotkey | 6 | |
| Basic commands | 5 | |
| Build / train | 61 | |
| Enter build submenu | 49 | |
| Enter hero's abilities submenu | 5 | |
| Right click | 1288 | |
| Select / deselect | 214 | |
| Select group hotkey | 290 | |
| Use ability | 110 | |
2028 total
» units
| Peasant | 14 | |
| Dragonhawk Rider | 8 | |
22 total
» upgrades
| Masonry | 3 | |
| Lumber Harvesting | 2 | |
| Cloud | 1 | |
| Animal War Training | 1 | |
| Swords | 1 | |
| Armor | 1 | |
9 total
» buildings
| Altar of Kings | 2 | |
| Farm | 7 | |
| Lumber Mill | 2 | |
| Scout Tower | 36 | |
| Arcane Tower | 1 | |
| Guard Tower | 16 | |
| Keep | 1 | |
| Arcane Vault | 1 | |
| Gryphon Aviary | 4 | |
| Castle | 1 | |
| Blacksmith | 1 | |
| Barracks | 1 | |
73 total
» build order
00:13 Altar of Kings
00:16 Altar of Kings
00:21 Farm
00:42 Lumber Mill
00:48 Lumber Mill
00:56 Scout Tower
01:10 Farm
01:16 Scout Tower
01:53 Arcane Tower
02:13 Scout Tower
02:33 Guard Tower
02:35 Scout Tower
02:41 Guard Tower
02:48 Scout Tower
02:56 Scout Tower
03:04 Guard Tower
03:08 Scout Tower
03:22 Guard Tower
03:23 Scout Tower
03:36 Guard Tower
03:39 Scout Tower
03:56 Guard Tower
04:04 Scout Tower
04:18 Guard Tower
04:20 Scout Tower
04:35 Scout Tower
04:36 Scout Tower
04:44 Keep
05:34 Guard Tower
05:51 Guard Tower
05:54 Scout Tower
05:55 Scout Tower
05:59 Scout Tower
06:00 Scout Tower
06:00 Scout Tower
06:01 Scout Tower
07:00 Arcane Vault
07:02 Guard Tower
07:15 Scout Tower
07:45 Guard Tower
07:49 Scout Tower
07:50 Scout Tower
07:51 Scout Tower
07:51 Scout Tower
07:53 Scout Tower
07:54 Scout Tower
08:05 Gryphon Aviary
08:05 Gryphon Aviary
08:16 Scout Tower
08:17 Scout Tower
08:18 Scout Tower
08:18 Scout Tower
08:29 Scout Tower
08:30 Scout Tower
08:31 Scout Tower
08:34 Guard Tower
08:51 Guard Tower
09:16 Scout Tower
09:17 Scout Tower
09:18 Scout Tower
09:41 Farm
09:42 Farm
09:43 Farm
09:45 Guard Tower
10:11 Gryphon Aviary
10:57 Gryphon Aviary
11:04 Guard Tower
11:10 Guard Tower
11:15 Farm
11:16 Farm
12:12 Castle
13:45 Blacksmith
13:46 Barracks
» items
| Boots of Speed | 1 | |
| Staff of Teleportation | 1 | |
| Staff of Sanctuary | 1 | |
| Scroll of Town Portal | 1 | |
4 total
iggyiggyiggy (
teal | 62 APM | 5410 actions | 86:56)
4 Archmage
2 Blizzard
2 Brilliance Aura
6 Mountain King
3 Storm Bolt
2 Bash
1 Avatar
3 Goblin Tinker
1 Pocket Factory
2 Cluster Rockets
» actions
| Assign group hotkey | 292 | |
| Basic commands | 101 | |
| Build / train | 141 | |
| Enter build submenu | 92 | |
| Enter hero's abilities submenu | 13 | |
| Give item / drop item | 12 | |
| Remove unit from queue | 4 | |
| Right click | 2652 | |
| Select / deselect | 637 | |
| Select group hotkey | 1053 | |
| Use ability | 413 | |
5410 total
» units
| Peasant | 17 | |
| Dragonhawk Rider | 12 | |
| Priest | 1 | |
| Sorceress | 2 | |
| Gryphon Rider | 6 | |
38 total
» upgrades
| Masonry | 3 | |
| Lumber Harvesting | 2 | |
| Magic Sentry | 1 | |
| Priest Training | 2 | |
| Swords | 3 | |
| Armor | 3 | |
| Animal War Training | 1 | |
| Sorceress Training | 2 | |
| Storm Hammers | 1 | |
| Cloud | 1 | |
19 total
» buildings
| Lumber Mill | 2 | |
| Scout Tower | 53 | |
| Arcane Tower | 6 | |
| Altar of Kings | 2 | |
| Farm | 19 | |
| Guard Tower | 37 | |
| Arcane Vault | 4 | |
| Keep | 2 | |
| Town Hall | 2 | |
| Castle | 6 | |
| Arcane Sanctum | 1 | |
| Gryphon Aviary | 3 | |
| Blacksmith | 1 | |
| Barracks | 1 | |
139 total
» build order
00:34 Lumber Mill
00:39 Scout Tower
01:07 Arcane Tower
01:08 Scout Tower
01:17 Altar of Kings
01:24 Farm
01:44 Guard Tower
01:48 Scout Tower
02:07 Scout Tower
02:13 Farm
02:30 Guard Tower
02:31 Scout Tower
02:43 Guard Tower
02:43 Guard Tower
02:43 Guard Tower
02:43 Guard Tower
02:46 Scout Tower
02:56 Farm
03:03 Scout Tower
03:29 Guard Tower
03:39 Guard Tower
03:49 Scout Tower
03:50 Scout Tower
04:19 Guard Tower
04:21 Arcane Vault
04:26 Scout Tower
04:33 Arcane Vault
05:29 Guard Tower
05:31 Scout Tower
05:39 Keep
05:53 Scout Tower
05:55 Scout Tower
06:03 Guard Tower
06:44 Town Hall
06:52 Guard Tower
06:54 Scout Tower
06:58 Scout Tower
07:40 Guard Tower
08:12 Arcane Vault
09:14 Castle
09:14 Castle
09:15 Castle
09:15 Castle
09:45 Arcane Sanctum
09:59 Scout Tower
10:00 Scout Tower
10:50 Guard Tower
10:53 Scout Tower
10:53 Scout Tower
10:54 Guard Tower
11:02 Scout Tower
11:03 Scout Tower
11:04 Scout Tower
11:05 Scout Tower
12:29 Guard Tower
12:32 Gryphon Aviary
14:11 Blacksmith
14:13 Barracks
14:19 Farm
14:20 Farm
14:22 Farm
14:23 Farm
19:56 Farm
19:59 Farm
20:00 Farm
20:00 Farm
20:12 Gryphon Aviary
20:14 Gryphon Aviary
22:18 Farm
22:19 Farm
22:46 Farm
22:46 Farm
31:13 Farm
31:15 Farm
34:20 Farm
34:22 Farm
36:31 Guard Tower
36:40 Guard Tower
40:37 Town Hall
42:11 Lumber Mill
42:16 Scout Tower
42:27 Scout Tower
42:28 Scout Tower
43:07 Scout Tower
43:09 Scout Tower
43:10 Scout Tower
43:10 Scout Tower
43:28 Scout Tower
43:29 Scout Tower
43:30 Scout Tower
43:50 Guard Tower
43:51 Guard Tower
43:54 Arcane Tower
44:23 Guard Tower
44:24 Guard Tower
44:31 Guard Tower
44:41 Scout Tower
44:43 Scout Tower
44:45 Scout Tower
44:46 Scout Tower
45:42 Arcane Tower
45:43 Arcane Tower
45:43 Arcane Tower
45:45 Scout Tower
46:01 Guard Tower
46:04 Scout Tower
46:08 Scout Tower
46:08 Guard Tower
46:16 Guard Tower
46:21 Scout Tower
46:38 Guard Tower
46:50 Guard Tower
46:51 Scout Tower
46:56 Scout Tower
46:57 Scout Tower
47:03 Guard Tower
47:07 Scout Tower
47:09 Scout Tower
47:13 Scout Tower
47:25 Guard Tower
48:50 Guard Tower
50:03 Guard Tower
50:10 Scout Tower
50:16 Scout Tower
50:20 Scout Tower
50:58 Guard Tower
53:28 Scout Tower
53:34 Scout Tower
54:04 Guard Tower
55:15 Guard Tower
59:11 Scout Tower
59:58 Arcane Tower
69:49 Keep
70:10 Arcane Vault
72:56 Altar of Kings
74:03 Castle
» items
| Scroll of Regeneration | 5 | |
| Staff of Sanctuary | 2 | |
| Ivory Tower | 2 | |
| Scroll of Town Portal | 1 | |
10 total

»
TIMG4STRok (
red | 58 APM | 5067 actions | 86:56)
7 Blood Mage
3 Flame Strike
2 Siphon Mana
2 Banish
1 Archmage
1 Summon Water Elemental
» actions
| Assign group hotkey | 35 | |
| Basic commands | 259 | |
| Build / train | 111 | |
| ESC pressed | 4 | |
| Enter build submenu | 52 | |
| Enter hero's abilities submenu | 8 | |
| Give item / drop item | 7 | |
| Right click | 2410 | |
| Select / deselect | 485 | |
| Select group hotkey | 1196 | |
| Use ability | 497 | |
5067 total
» units
| Peasant | 18 | |
| Dragonhawk Rider | 26 | |
| Siege Engine | 4 | |
48 total
» upgrades
| Masonry | 3 | |
| Magic Sentry | 1 | |
| Lumber Harvesting | 1 | |
| Armor | 5 | |
| Swords | 5 | |
| Animal War Training | 1 | |
| Cloud | 1 | |
| Barrage | 1 | |
| Gunpowder | 3 | |
| Plating | 3 | |
24 total
» buildings
| Lumber Mill | 1 | |
| Altar of Kings | 1 | |
| Farm | 16 | |
| Scout Tower | 21 | |
| Arcane Tower | 2 | |
| Guard Tower | 13 | |
| Keep | 1 | |
| Town Hall | 2 | |
| Arcane Sanctum | 1 | |
| Gryphon Aviary | 2 | |
| Arcane Vault | 2 | |
| Castle | 1 | |
| Blacksmith | 1 | |
| Barracks | 1 | |
| Workshop | 2 | |
67 total
» build order
00:19 Lumber Mill
00:46 Altar of Kings
00:46 Farm
01:23 Farm
01:35 Scout Tower
02:03 Arcane Tower
02:04 Scout Tower
02:34 Guard Tower
02:36 Scout Tower
02:38 Scout Tower
03:04 Scout Tower
03:05 Guard Tower
03:11 Guard Tower
03:21 Scout Tower
03:34 Guard Tower
03:38 Scout Tower
03:51 Guard Tower
03:53 Scout Tower
04:13 Guard Tower
04:18 Scout Tower
04:22 Guard Tower
04:25 Scout Tower
04:25 Scout Tower
04:29 Keep
04:46 Guard Tower
04:48 Scout Tower
05:18 Town Hall
05:23 Town Hall
05:56 Guard Tower
06:03 Scout Tower
06:04 Scout Tower
06:05 Scout Tower
06:07 Scout Tower
07:02 Guard Tower
07:14 Arcane Sanctum
08:04 Guard Tower
08:08 Gryphon Aviary
08:21 Arcane Vault
09:39 Castle
09:44 Farm
09:45 Farm
09:45 Farm
10:16 Farm
10:17 Farm
10:17 Farm
10:18 Farm
10:59 Blacksmith
11:01 Barracks
12:45 Farm
12:46 Farm
16:09 Farm
16:09 Farm
27:04 Guard Tower
27:11 Guard Tower
31:21 Workshop
31:22 Workshop
35:21 Farm
35:23 Farm
42:25 Gryphon Aviary
42:34 Arcane Vault
43:45 Scout Tower
43:47 Scout Tower
43:47 Scout Tower
43:53 Scout Tower
43:53 Scout Tower
46:00 Arcane Tower
58:04 Farm
» items
| Staff of Teleportation | 1 | |
| Boots of Speed | 5 | |
| Staff of Sanctuary | 1 | |
| Orb of Fire | 2 | |
| Potion of Healing | 1 | |
| Scroll of Town Portal | 1 | |
11 total
team 2 (loser)
1)eath13r1nger (
yellow | 28 APM | 1729 actions | 62:09)
4 Death Knight
2 Death Coil
1 Unholy Aura
1 Death Pact
» actions
| Assign group hotkey | 29 | |
| Basic commands | 234 | |
| Build / train | 54 | |
| ESC pressed | 1 | |
| Enter build submenu | 21 | |
| Enter hero's abilities submenu | 4 | |
| Give item / drop item | 3 | |
| Right click | 519 | |
| Select / deselect | 547 | |
| Select group hotkey | 248 | |
| Use ability | 69 | |
1729 total
» units
| Acolyte | 7 | |
| Ghoul | 9 | |
| Crypt Fiend | 4 | |
| Frost Wyrm | 10 | |
30 total
» upgrades
| Creature Attack | 3 | |
| Creature Carapace | 3 | |
| Freezing Breath | 1 | |
| Web | 1 | |
| Burrow | 1 | |
9 total
» buildings
| Altar of Darkness | 1 | |
| Ziggurat | 9 | |
| Crypt | 2 | |
| Graveyard | 1 | |
| Halls of the Dead | 1 | |
| Black Citadel | 1 | |
| Sacrificial Pit | 1 | |
| Boneyard | 2 | |
| Spirit Tower | 2 | |
| Nerubian Tower | 1 | |
| Tomb of Relics | 1 | |
22 total
» build order
00:02 Altar of Darkness
00:04 Ziggurat
00:39 Crypt
01:04 Graveyard
01:25 Crypt
01:43 Ziggurat
04:01 Halls of the Dead
05:10 Ziggurat
05:18 Ziggurat
06:28 Black Citadel
07:15 Sacrificial Pit
09:25 Ziggurat
10:01 Ziggurat
10:10 Ziggurat
10:12 Ziggurat
11:04 Boneyard
11:05 Boneyard
11:58 Ziggurat
23:47 Spirit Tower
23:49 Nerubian Tower
23:49 Spirit Tower
25:21 Tomb of Relics
» items
| Scroll of Healing | 1 | |
| Potion of Lesser Invulnerability | 2 | |
| Scroll of Protection | 1 | |
| Orb of Corruption | 1 | |
5 total
13aT]V[aN- (
green | 38 APM | 2263 actions | 60:01)
3 Mountain King
2 Storm Bolt
1 Bash
2 Paladin
1 Holy Light
1 Devotion Aura
2 Archmage
1 Blizzard
1 Brilliance Aura
» actions
| Basic commands | 7 | |
| Build / train | 122 | |
| Enter build submenu | 73 | |
| Enter hero's abilities submenu | 7 | |
| Remove unit from queue | 3 | |
| Right click | 1217 | |
| Select / deselect | 695 | |
| Use ability | 139 | |
2263 total
» units
| Peasant | 16 | |
| Footman | 14 | |
| Dragonhawk Rider | 16 | |
| Mortar Team | 4 | |
| Sorceress | 4 | |
| Siege Engine | 6 | |
| Priest | 6 | |
66 total
» upgrades
| Masonry | 2 | |
| Lumber Harvesting | 1 | |
| Swords | 2 | |
| Cloud | 1 | |
| Magic Sentry | 1 | |
| Sorceress Training | 1 | |
| Armor | 2 | |
| Barrage | 1 | |
| Priest Training | 2 | |
| Flare | 1 | |
| Plating | 1 | |
| Gunpowder | 1 | |
16 total
» buildings
| Altar of Kings | 1 | |
| Farm | 14 | |
| Barracks | 1 | |
| Lumber Mill | 1 | |
| Keep | 1 | |
| Scout Tower | 41 | |
| Guard Tower | 20 | |
| Gryphon Aviary | 2 | |
| Blacksmith | 1 | |
| Castle | 1 | |
| Arcane Vault | 1 | |
| Workshop | 1 | |
| Cannon Tower | 3 | |
| Arcane Sanctum | 1 | |
| Arcane Tower | 2 | |
91 total
» build order
00:24 Altar of Kings
00:27 Farm
00:34 Barracks
01:04 Farm
02:15 Lumber Mill
03:07 Keep
03:10 Farm
04:18 Scout Tower
04:22 Scout Tower
04:26 Scout Tower
04:29 Scout Tower
04:50 Guard Tower
04:53 Scout Tower
05:05 Scout Tower
05:25 Guard Tower
05:28 Scout Tower
05:37 Scout Tower
05:49 Farm
05:54 Guard Tower
05:57 Scout Tower
05:58 Farm
06:00 Guard Tower
06:18 Scout Tower
06:46 Guard Tower
07:09 Scout Tower
07:15 Scout Tower
07:33 Guard Tower
07:54 Guard Tower
07:57 Scout Tower
08:02 Guard Tower
08:20 Scout Tower
08:26 Guard Tower
08:28 Scout Tower
08:33 Scout Tower
09:17 Gryphon Aviary
09:24 Guard Tower
09:26 Scout Tower
09:28 Scout Tower
09:29 Scout Tower
09:55 Guard Tower
09:57 Guard Tower
09:59 Scout Tower
10:02 Scout Tower
10:09 Blacksmith
10:12 Guard Tower
10:35 Guard Tower
10:40 Castle
10:44 Gryphon Aviary
10:47 Arcane Vault
10:52 Scout Tower
10:54 Scout Tower
11:00 Scout Tower
11:03 Scout Tower
11:25 Guard Tower
11:28 Workshop
11:31 Guard Tower
11:33 Scout Tower
11:37 Scout Tower
12:09 Farm
12:11 Farm
12:29 Guard Tower
12:32 Scout Tower
12:36 Scout Tower
12:41 Guard Tower
12:44 Scout Tower
13:06 Cannon Tower
13:22 Guard Tower
13:39 Arcane Sanctum
13:43 Guard Tower
13:46 Scout Tower
14:24 Cannon Tower
15:18 Scout Tower
15:20 Scout Tower
15:27 Scout Tower
16:05 Arcane Tower
16:07 Scout Tower
16:43 Arcane Tower
19:18 Farm
19:23 Scout Tower
19:56 Farm
20:26 Cannon Tower
23:57 Scout Tower
25:09 Farm
25:11 Farm
25:12 Farm
25:15 Farm
51:58 Scout Tower
52:00 Scout Tower
52:04 Scout Tower
52:06 Scout Tower
54:27 Farm

»
CalviN420 (
pink | 30 APM | 2636 actions | 86:56)
3 Keeper of the Grove
2 Entangling Roots
1 Thorns Aura
1 Pit Lord
1 Rain of Fire
» actions
| Basic commands | 1 | |
| Build / train | 89 | |
| ESC pressed | 18 | |
| Enter build submenu | 37 | |
| Enter hero's abilities submenu | 4 | |
| Right click | 1451 | |
| Select / deselect | 881 | |
| Use ability | 155 | |
2636 total
» units
| Wisp | 24 | |
| Huntress | 3 | |
| Harpy Rogue | 1 | |
| Glaive Thrower | 5 | |
| Hippogryph | 12 | |
| Chimaera | 8 | |
| Harpy Windwitch | 1 | |
| Centaur Outrunner | 2 | |
56 total
» upgrades
| Moon Armor | 3 | |
| Strength of the Moon | 4 | |
| Reinforced Hides | 3 | |
| Vorpal Blades | 1 | |
| Strength of the Wild | 4 | |
| Well Spring | 1 | |
| Corrosive Breath | 1 | |
| Hippogryph Taming | 1 | |
| Ultravision | 1 | |
19 total
» buildings
| Altar of Elders | 1 | |
| Moon Well | 8 | |
| Ancient of War | 2 | |
| Hunter's Hall | 1 | |
| Ancient Protector | 9 | |
| Tree of Ages | 1 | |
| Tree of Life | 2 | |
| Ancient of Lore | 1 | |
| Ancient of Wind | 1 | |
| Tree of Eternity | 2 | |
| Chimaera Roost | 2 | |
| Ancient of Wonders | 1 | |
31 total
» build order
00:17 Altar of Elders
00:32 Moon Well
01:20 Ancient of War
01:53 Moon Well
02:08 Hunter's Hall
02:52 Ancient of War
03:27 Ancient Protector
04:26 Ancient Protector
04:29 Ancient Protector
07:34 Tree of Ages
07:42 Ancient Protector
09:05 Moon Well
09:09 Moon Well
09:25 Tree of Life
10:27 Ancient Protector
12:00 Moon Well
19:21 Ancient Protector
19:34 Ancient Protector
19:51 Ancient of Lore
20:25 Ancient of Wind
22:10 Tree of Eternity
24:24 Ancient Protector
24:37 Ancient Protector
30:00 Chimaera Roost
31:20 Chimaera Roost
33:57 Moon Well
34:06 Moon Well
35:27 Ancient of Wonders
35:52 Moon Well
80:17 Tree of Life
» items
| Potion of Lesser Invulnerability | 1 | |
1 total
Chat log
(00:02 / All) TIMG4STRok: leave
(00:05 / All) iggyiggyiggy: bye noob
(00:06 / All) 13aT]V[aN-: FUCK YOU
(00:07 / All) HIGHPERCH: hey bat van
(00:08 / All) iggyiggyiggy: 1v1?
(00:08 / All) TIMG4STRok: begone filth
(00:10 / All) 13aT]V[aN-: TOWERING NOOBS
(00:14 / All) iggyiggyiggy: 1v1 noob?
(00:18 / All) iggyiggyiggy: 1v1 noob?
(00:20 / All) iggyiggyiggy: U suck
(00:23 / All) 13aT]V[aN-: SHUT UP NOOB ILL KILL YOU
(00:27 / All) CalviN420: with you mom dik
(00:28 / All) iggyiggyiggy: Lmao 1v1?
(00:28 / All) TIMG4STRok: can you beat our towers this game nope
(00:45 / All) iggyiggyiggy: 1v1 noob? lol you suck
(00:48 / All) iggyiggyiggy: thanks for 2 free wins
(00:52 / All) TIMG4STRok: 2
(00:53 / All) TIMG4STRok: count em
(00:56 / All) TIMG4STRok: 1, 2
(00:57 / All) 13aT]V[aN-: GOD Damn you lil 15 year old shits
(00:59 / All) TIMG4STRok: 2 free wins
(01:04 / All) iggyiggyiggy: you a mature man?
(01:08 / All) TIMG4STRok: go to sleep child is 9:45
(01:12 / All) iggyiggyiggy: come on our vent
(01:12 / All) CalviN420: i got n idea stfu'
(01:14 / All) iggyiggyiggy: talk to us
(01:20 / All) 13aT]V[aN-: fuckkk you
(01:21 / All) iggyiggyiggy: bet you sound like a child
(01:32 / All) 13aT]V[aN-: bet you rape children
(01:37 / All) HIGHPERCH: in war3 we do
(01:38 / All) 1)eath13r1nger: i do :)
(01:39 / All) HIGHPERCH: :)
(01:40 / All) 13aT]V[aN-: sick son of a bitch
(01:41 / All) iggyiggyiggy: come on our vent let's talk it out
(01:43 / All) TIMG4STRok: :)
(01:45 / All) CalviN420: beat me like youir mom beats my cock fag boy
(02:18 / All) TIMG4STRok: you ever hear of highperch
(02:21 / All) TIMG4STRok: this map
(02:27 / All) TIMG4STRok: or blues name
(02:32 / All) TIMG4STRok: is kind of our signature strategy
(02:33 / All) iggyiggyiggy: www.highper.ch
(02:43 / All) TIMG4STRok: i mean if you thought last game was gay
(02:45 / All) TIMG4STRok: hoo boy
(02:58 / All) TIMG4STRok: we have this map down to a science sorry
(03:09 / All) iggyiggyiggy: thanks for losing noobs
(03:18 / All) iggyiggyiggy: game over might as well come on our vent and reveal your prebubescent voices
(03:41 / All) 13aT]V[aN-: omfg
(03:41 / All) iggyiggyiggy: thanks bye
(03:43 / All) iggyiggyiggy: bye noobs
(03:45 / All) HIGHPERCH: leave
(03:48 / All) TIMG4STRok: guy i told you at start
(03:49 / All) TIMG4STRok: leave
(04:00 / All) iggyiggyiggy: thank you noobs
(04:02 / All) HIGHPERCH: yeah we did both sides
(04:04 / All) iggyiggyiggy: two free wins much needed
(04:11 / All) CalviN420: woot noob
(04:45 / All) iggyiggyiggy: nerds
(04:50 / All) 1)eath13r1nger: Wtf?
(04:52 / All) TIMG4STRok: leaf this game
(04:54 / All) CalviN420: u guy are fuk fags
(04:55 / All) 1)eath13r1nger: lol ouch that hurt
(04:57 / All) iggyiggyiggy: you're pussy nerds
(05:03 / All) 1)eath13r1nger: lmao im never recovering from that one
(05:03 / All) iggyiggyiggy: you would never ever dare come on our vent
(05:04 / All) 1)eath13r1nger: lmao
(05:07 / Allies) iggyiggyiggy: and talk to another human being
(05:11 / All) iggyiggyiggy: and talk to another human
(05:18 / All) iggyiggyiggy: you can call us too
(05:20 / All) CalviN420: imma in so cal if u want to man up pussy
(05:23 / All) iggyiggyiggy: but you won'¨t
(06:00 / All) iggyiggyiggy: TY for another free win thanks a lot noobs
(06:27 / All) TIMG4STRok: ty
(06:51 / All) CalviN420: for?
(06:55 / All) CalviN420: the exp?
(07:01 / All) iggyiggyiggy: ty for this win noobs leave
(07:14 / All) CalviN420: k imm leave
(08:00 / All) iggyiggyiggy: hey noobs leave
(08:04 / All) iggyiggyiggy: come on our vent our call us
(12:11 / All) CalviN420: hey
(12:16 / All) CalviN420: lame o
(12:21 / All) iggyiggyiggy: hey noobshit
(12:44 / All) CalviN420: fuk leave you mom says its way past your bed time
(15:22 / All) iggyiggyiggy: thanks noobs
(15:57 / All) 13aT]V[aN-: LOLK
(18:26 / All) TIMG4STRok: god damn
(18:28 / All) HIGHPERCH: WOW
(18:28 / All) HIGHPERCH: WO
(18:29 / All) HIGHPERCH: WOW
(18:30 / All) HIGHPERCH: WOW
(18:30 / All) iggyiggyiggy: damn you suc
(18:30 / All) HIGHPERCH: OW
(18:31 / All) HIGHPERCH: OW
(18:31 / All) HIGHPERCH: OW
(18:33 / All) iggyiggyiggy: and a fiend
(20:48 / All) iggyiggyiggy: ty for losing hawk+ hero nice nice
(20:51 / All) iggyiggyiggy: ty for this win
(20:51 / All) 13aT]V[aN-: HG
(20:52 / All) 13aT]V[aN-: GH
(20:54 / All) CalviN420: d|
(21:05 / All) iggyiggyiggy: you think that would help?
(21:10 / All) iggyiggyiggy: you lost noobs bye
(21:11 / All) 13aT]V[aN-: of course
(21:23 / All) iggyiggyiggy: this game is over bye
(21:25 / All) CalviN420: d
(21:25 / All) 13aT]V[aN-: F
(21:26 / All) CalviN420: d
(21:26 / All) 13aT]V[aN-: F
(21:41 / All) HIGHPERCH: half hour?
(21:45 / All) 13aT]V[aN-: yea
(21:45 / All) HIGHPERCH: this one gonna be more than that
(22:06 / All) iggyiggyiggy: damn noobs
(22:11 / All) CalviN420: d
(22:11 / All) 1)eath13r1nger: i hope he doesnt drop
(22:13 / All) CalviN420: d
(22:18 / All) 1)eath13r1nger: so we can atcually beat these guys
(22:22 / All) iggyiggyiggy: you can't
(22:32 / All) TIMG4STRok: you guys on a quest to see how many hawk you can lose to towers?
(22:34 / All) iggyiggyiggy: me and bear can both drop you still lose
(22:39 / All) 1)eath13r1nger: yup :)
(22:53 / All) CalviN420: d
(23:05 / All) iggyiggyiggy: now your defeat will be even more humiliating
(23:10 / All) 13aT]V[aN-: wow never lagged outta a game in my life
(23:19 / All) 13aT]V[aN-: poor ass niggers
(23:20 / All) iggyiggyiggy: did calvin lag out
(23:26 / All) 13aT]V[aN-: get a job
(23:28 / All) iggyiggyiggy: because his kotg just ran into the towers and died
(23:32 / All) iggyiggyiggy: calvin are you here
(23:34 / All) iggyiggyiggy: control your hero
(23:40 / All) iggyiggyiggy: Our guy dropped his hero is still alice
(24:00 / All) CalviN420: imma drink so idf care i will win noob
(31:30 / All) CalviN420: lol
(38:03 / All) 1)eath13r1nger: lmao
(38:11 / All) iggyiggyiggy: sup noobs
(38:18 / All) iggyiggyiggy: thanks for two free wins in one day
(39:00 / All) TIMG4STRok: how the fuck u beat us....
(39:14 / All) 1)eath13r1nger: so... waiting game?
(39:27 / All) 13aT]V[aN-: so when you guys gonn attack
(41:54 / All) 1)eath13r1nger: two free wins?
(41:56 / All) 1)eath13r1nger: lmao
(42:43 / All) 13aT]V[aN-: WE WIN
(42:47 / All) 13aT]V[aN-: NOOBS IMBA
(42:47 / All) 1)eath13r1nger: just leave
(42:48 / All) iggyiggyiggy: fu noob
(42:49 / All) 1)eath13r1nger: noobs
(42:52 / All) 1)eath13r1nger: lmao
(42:52 / All) 13aT]V[aN-: yea woah
(42:56 / All) 1)eath13r1nger: u really think it wud work twice?
(42:58 / All) CalviN420: whahah
(42:59 / All) 1)eath13r1nger: lmao
(43:00 / All) CalviN420: gg
(43:02 / All) 13aT]V[aN-: IMBA NOOBS
(43:07 / All) TIMG4STRok: stfu
(43:13 / All) TIMG4STRok: one of u drop for evenr etards
(43:24 / All) 1)eath13r1nger: we wuda still won
(43:24 / All) 13aT]V[aN-: ITS OK DONT CRY JUST LOSE
(43:42 / All) CalviN420: gg?
(43:43 / All) 1)eath13r1nger: gg
(43:47 / All) iggyiggyiggy: stfu luckernoob
(43:51 / All) 1)eath13r1nger: lmao
(43:52 / All) 13aT]V[aN-: NOOBS
(43:55 / All) 1)eath13r1nger: dude
(43:57 / All) 1)eath13r1nger: take aloss
(43:58 / All) iggyiggyiggy: www.highper.ch
(44:00 / All) CalviN420: woot noobs
(44:08 / All) 1)eath13r1nger: so how many times u lose b4 u got this strat down>
(44:10 / All) 1)eath13r1nger: ?
(44:13 / All) 1)eath13r1nger: like 29?
(44:33 / All) CalviN420: plz leave noob
(44:36 / All) 13aT]V[aN-: HEy guys www.SKILL.com GO THERE
(44:44 / All) CalviN420: i say i wi9n drunk or sober
(44:46 / All) 1)eath13r1nger: wooped!
(44:47 / All) iggyiggyiggy: stfu luckernoobs
(44:48 / All) 1)eath13r1nger: noobds
(44:51 / All) 1)eath13r1nger: noobs
(44:52 / All) 13aT]V[aN-: NOOBS
(44:54 / All) CalviN420: noob
(44:59 / All) CalviN420: noob leave
(45:00 / All) 13aT]V[aN-: NOOBS PWNED
(45:01 / All) iggyiggyiggy: welcome to highperch
(45:06 / All) TIMG4STRok: ?
(45:10 / All) 13aT]V[aN-: FUCK BACK
(45:29 / All) 13aT]V[aN-: his air no match fr me tank
(45:48 / All) TIMG4STRok: you guys like 150 food pure dragonhawk?
(45:51 / All) TIMG4STRok: hope you got some bats
(45:55 / All) iggyiggyiggy: www.highper.ch for all info on highperch and highperching
(45:57 / All) iggyiggyiggy: and you losing
(46:09 / All) 1)eath13r1nger: u still gotta kill us
(46:16 / All) 1)eath13r1nger: lmao think we leavin?
(46:19 / All) CalviN420: woot noobs
(46:25 / All) iggyiggyiggy: Nope you gonna enjoy this loss
(46:26 / All) CalviN420: clan noob?
(46:29 / All) iggyiggyiggy: your longest loss ever
(46:33 / All) iggyiggyiggy: clan towa visit us www.highper.ch
(46:43 / All) CalviN420: more like clan noob
(46:45 / All) 1)eath13r1nger: lmao u talk alot of shit tim
(47:00 / All) TIMG4STRok: ?
(47:07 / All) 1)eath13r1nger: 5 minutes?
(47:08 / All) TIMG4STRok: i talk a lot of shit becasue i can fucking rape you in this game
(47:57 / All) CalviN420: hey ill give control i g2g to sleep
(48:04 / All) TIMG4STRok: lmfao
(48:09 / All) TIMG4STRok: is this how it will end
(48:22 / All) CalviN420: wit hu losing
(48:22 / All) TIMG4STRok: little bitches go afk then 5 minutes later i descend upon your ass with cloud????
(48:24 / All) TIMG4STRok: rofl
(48:28 / All) TIMG4STRok: put up a challenge kid
(49:13 / All) 13aT]V[aN-: did you see that air
(49:20 / All) 13aT]V[aN-: God damnit you guys
(49:23 / All) TIMG4STRok: reveal the fountain please
(49:30 / All) TIMG4STRok: so you can see my dragonhawks
(49:31 / All) iggyiggyiggy: damn almost 10 air units
(49:39 / All) TIMG4STRok: im at 100 food with just 2 workers : - )
(49:51 / All) iggyiggyiggy: is ok you can build more
(49:59 / All) iggyiggyiggy: unless you wasted gold on towers and upkeep hmm that would be bad
(50:45 / All) CalviN420: clan noob hacks
(50:52 / All) iggyiggyiggy: ty for this win noobs
(51:01 / All) TIMG4STRok: leave now save yourself 10 hours
(51:03 / All) iggyiggyiggy: we told you www.highper.ch but nope
(51:09 / All) TIMG4STRok: going to sleep you cant kill us GG
(51:16 / All) 13aT]V[aN-: Same.
(51:20 / All) CalviN420: kk
(51:31 / All) TIMG4STRok: you could have even googled "highperch award winning strategy" and saw what we were going to do
(51:36 / All) TIMG4STRok: but did you? no.
(52:28 / All) TIMG4STRok: DONT DROP LOL LAWLS
(55:19 / All) TIMG4STRok: mortar cant reach sorry
(55:28 / All) 13aT]V[aN-: how in the fuck.
(55:30 / All) TIMG4STRok: gonna save you 10 minutes of frustration
(55:34 / All) 1)eath13r1nger: So after game u wanna tell me out to get up?
(55:40 / All) iggyiggyiggy: no need
(55:40 / All) 13aT]V[aN-: did you get up there
(55:42 / All) iggyiggyiggy: www.highper.ch
(55:43 / All) TIMG4STRok: leave and watch replay
(55:47 / All) iggyiggyiggy: we told you a billion times
(55:49 / All) iggyiggyiggy: www.highper.ch
(55:52 / All) TIMG4STRok: or go to www.highper.ch and click on the art of highperching
(55:57 / All) iggyiggyiggy: it's ok tab out you have time
(55:58 / All) 1)eath13r1nger: im not going in middle of game
(56:01 / All) iggyiggyiggy: game already over
(56:10 / All) iggyiggyiggy: www.highper.ch
(56:17 / All) 13aT]V[aN-: it aint over till we dead
(56:42 / All) TIMG4STRok: LOL
(56:47 / All) TIMG4STRok: !!! did you see that
(56:51 / All) iggyiggyiggy: www.highper.ch read all about highperching and how to defeat it
(57:59 / All) iggyiggyiggy: i lost 1 unit how about you
(58:28 / All) iggyiggyiggy: www.highper.ch enjoy
(58:58 / All) 13aT]V[aN-: Bye you fucks are soo damn imba its un believable
(59:02 / All) TIMG4STRok: lmfao
(59:03 / All) TIMG4STRok: leave
(59:15 / All) iggyiggyiggy: you are so damn noob
(59:19 / All) iggyiggyiggy: lose to towers 2x
(60:05 / All) iggyiggyiggy: bye biggest noob
(60:08 / All) TIMG4STRok: lmfao
(60:11 / All) 1)eath13r1nger: biggest noob?
(60:15 / All) TIMG4STRok: hey ill brb gotta heal at fountain LOL!
(60:18 / All) 1)eath13r1nger: lmao we did good u cant deny that
(60:24 / All) TIMG4STRok: no sorry retard
(60:26 / All) TIMG4STRok: we let you do good
(60:31 / All) iggyiggyiggy: you mean when we intentionally let you kill our towers for once
(60:32 / All) 1)eath13r1nger: lmao
(60:32 / All) TIMG4STRok: lmfao
(60:34 / All) iggyiggyiggy: so we could highperch
(60:35 / All) iggyiggyiggy: Lmao
(60:43 / All) iggyiggyiggy: thanks for losing 2x to towers
(61:03 / All) TIMG4STRok: is that all you got
(61:04 / All) TIMG4STRok: Really
(61:11 / All) TIMG4STRok: have you unsummoned undead base yet
(61:16 / All) TIMG4STRok: yes
(61:18 / All) iggyiggyiggy: sold items
(61:18 / All) 1)eath13r1nger: yup :)
(61:22 / All) 1)eath13r1nger: no
(61:26 / All) iggyiggyiggy: might as well
(61:29 / All) TIMG4STRok: i still have 8247 gold want me to drop you off some town portals?
(61:37 / All) 1)eath13r1nger: i dont have a town
(61:38 / All) 1)eath13r1nger: lmao
(61:49 / All) iggyiggyiggy: to sell them attard
(61:57 / All) CalviN420: i afk if u leave
(62:14 / All) TIMG4STRok: LOL
(62:25 / All) CalviN420: kill me
(62:32 / All) iggyiggyiggy: kiiill meee
(62:35 / All) TIMG4STRok: nope sorry we are not mercyful
(62:41 / All) TIMG4STRok: gonna let you wallow in your own misery
(62:45 / All) CalviN420: k
(62:46 / All) iggyiggyiggy: the noobness is festering inside me like an alien waiting to burst through my ribcage
(62:47 / All) iggyiggyiggy: kiiiill meeee
(62:49 / All) TIMG4STRok: until you submit and realize that you got owned
(62:51 / All) CalviN420: idk
(62:56 / All) TIMG4STRok: and leave of your own accord
(63:03 / All) TIMG4STRok: thats the worst
(63:06 / All) TIMG4STRok: you want to leave
(63:14 / All) TIMG4STRok: but you cant becasue you gotta prove these guys wrong
(63:28 / All) CalviN420: no i got to sleep
(64:12 / All) TIMG4STRok: did i eve rthank you for level 6
(64:23 / All) TIMG4STRok: i mean i knew we would never lose but you gave me phoenix
(64:29 / All) TIMG4STRok: we could lose all our air and still win with phoenix
(78:51 / All) CalviN420: lol
(78:57 / All) iggyiggyiggy: bye noob
(79:00 / All) iggyiggyiggy: nice loss
(82:07 / All) CalviN420: that is way hack
(82:17 / All) CalviN420: that is for lame os
(82:30 / All) iggyiggyiggy: bye noob you suck at this game
(82:34 / All) iggyiggyiggy: because you are stupid thanks
(82:38 / All) iggyiggyiggy: c u
(82:42 / All) iggyiggyiggy: 1v1? lol bye
(82:44 / All) CalviN420: lol k
(82:53 / All) CalviN420: idc waste time idk
(83:07 / All) CalviN420: this is mine
(83:37 / All) TIMG4STRok: let me hide trees on this shitty map
(83:42 / All) TIMG4STRok: where theres nowhere to hide
(84:14 / All) TIMG4STRok: LOL
(84:42 / All) TIMG4STRok: ALL FAT shits leave .................. ................... .................
(84:47 / All) TIMG4STRok: ............ ................. ...............
(84:47 / All) CalviN420: lol;
(84:49 / All) TIMG4STRok: NOW!
(84:52 / All) iggyiggyiggy: www.highper.ch
(84:52 / All) CalviN420: noob hacker
(84:59 / All) CalviN420: 1;50
(85:28 / All) CalviN420: woot noobies
(85:32 / All) TIMG4STRok: lmfao
(86:47 / All) CalviN420: 3
(86:48 / All) CalviN420: 2
(86:49 / All) CalviN420: 1
(86:50 / All) CalviN420: 1
(86:55 / All) TIMG4STRok: bye